 Dungeon Crawl Stone Soup version 0.28-a0-476-g0f06bd746f (webtiles) character file.

Game seed: 4910899053488026664

11 Spaninq the Chopper (level 2, 0/24 HPs)
             Began as a Human Cinder Acolyte on Sept 16, 2021.
             Was a High Priest of Ignis.
             Slain by an adder (5 damage)
             ... on level 2 of the Dungeon.
             The game lasted 00:02:16 (1404 turns).

Spaninq the Chopper (Human Cinder Acolyte)          Turns: 1404, Time: 00:02:16

Health: 0/24       AC:  2    Str: 14    XL:     2   Next: 35%
Magic:  1/3        EV: 11    Int: 14    God:    Ignis [*****.]
Gold:   9          SH:  0    Dex:  8    Spells: 1/3 levels left

rFire   + . .      SeeInvis .   a - -1 hand axe (flame)
rCold   . . .      Faith    .   (no shield)
rNeg    . . .      Spirit   .   b - +0 robe
rPois   .          Reflect  .   (no helmet)
rElec   .          Harm     .   (no cloak)
rCorr   .          Rampage  .   (no gloves)
Will    +....                   (no boots)
Stlth   +.........              (no amulet)
HPRegen 0.08/turn               c - ring of willpower
MPRegen 0.08/turn               (no ring)

@: lethally poisoned (0 -> -1)
A: no striking features
a: Renounce Religion, Sea of Fire, Foxfire Swarm, Rising Flame


You were on level 2 of the Dungeon.
You worshipped Ignis.
Ignis was extremely pleased with you.
You visited 1 branch of the dungeon, and saw 2 of its levels.

You collected 9 gold pieces.

Inventory:

Hand Weapons
 a - a -1 hand axe of flaming (weapon)
Armour
 b - a +0 robe (worn)
 g - a +2 pair of boots
Jewellery
 c - a ring of willpower (left hand)
Scrolls
 d - a scroll of fog {unknown}
 e - a scroll of torment {unknown}
 f - a scroll of enchant armour {unknown}


   Skills:
 + Level 3.2 Fighting
 * Level 3.4 Axes
 + Level 1.0 Spellcasting
 - Level 3.0 Fire Magic


You had one spell level left.
You knew the following spells:

 Your Spells              Type           Power      Damage    Failure   Level
a - Scorch                Fire           18%        2d6       12%         2

Your spell library contained the following spells:

 Spells                   Type           Power      Damage    Failure   Level


Dungeon Overview and Level Annotations

Branches:
Dungeon (2/15)

Altars:


Message History

Things that are here:
a hobgoblin corpse; a rat corpse
There is a stone staircase leading down here.
Found a dagger.
You now have 9 gold pieces (gained 5).
Found 7 poisoned darts.
Found a pair of glowing boots.
Found a black potion.
Found a scroll labelled DUOCUL LOETAIB.
An adder and a goblin come into view.
The adder hisses angrily.
A giant cockroach comes into view.
You see here a +2 pair of boots.
g - a +2 pair of boots The goblin hits you with a +0 club.
The adder bites you. The adder misses you.
Casting: Scorch (safe; 12% risk of failure)
Confirm with . or Enter, or press ? or * to list all spells.
Flames lash the adder.
The adder is heavily wounded.
The adder's fire resistance burns away.
The adder closely misses you.
You hit the adder but do no damage.
The adder is heavily wounded.
The adder bites you but does no damage. The adder bites you.
You are poisoned.
The adder poisons you!
You hit the adder. You burn the adder.
The adder is almost dead.
You feel sick. The adder bites you.
You miss the adder.
The adder is almost dead.
You feel sick.
The adder is no longer more vulnerable to fire.
The adder misses you. The adder bites you.
* * * LOW HITPOINT WARNING * * *
You closely miss the adder.
The adder is almost dead.
You feel sick. The adder bites you.
You die...

#...##......# #..#
#.#.##......# ###.
#... #.#>##......#
#... ....
#...........# #.#. #..
###.#########
#.#.###.# #.#
#.#..##.S ##.##
#.##.##.# #...########
#.##.##.#
#.#.)@Sg...###.......#
#....##B##........####
####.##.##.#......#
#.##.......##.##
#.#####.#####.#
#.#####.#####.#
#.............#
###############


You could see an adder, a giant cockroach and a goblin.

Vanquished Creatures
  A bat (D:1)
  An endoplasm (D:1)
  A giant cockroach (D:1)
  2 goblins (D:1)
  A hobgoblin (D:2)
  2 frilled lizards (D:2)
  2 rats
10 creatures vanquished.

Notes
Turn   | Place    | Note
-------+----------+-------------------------------------------
     0 | D:1      | Spaninq the Human Cinder Acolyte began the quest for the
                  | Orb.
     0 | D:1      | Reached XP level 1. HP: 18/18 MP: 2/2
   642 | D:1      | Reached XP level 2. HP: 14/24 MP: 3/3
   766 | D:1      | Learned a level 2 spell: Scorch
  1404 | D:2      | Slain by an adder

Illustrated notes

Levels and vault maps discovered:
D:1:      minmay_arrival_stone_box, layout_basic
D:2:      layout_loops_cross, shapermc_ecumenical_altar_mp_urbaneastern,
          nrook_loot_triangle, minmay_pentomino_pile

Action                   || total
-------------------------++-------
Melee: Hand axe          ||    54
 Cast: Scorch            ||     2
Armor: Robe              ||    16
Dodge: Dodged            ||    34

Table legend: (Time is in decaauts)
 A = Elapsed time spent in this place.
 B = Non-inter-level travel time spent in this place.
 C = Inter-level travel time spent in this place.
 D = Time resting spent in this place.
 E = Time spent auto-exploring this place.
 F = Levels seen in this place.
 G = Mean time per level.
                   A        B        C        D        E       F      G
               +--------+--------+--------+--------+--------+-----+--------+
         Total |   1410 |   1392 |     18 |    121 |   1053 |   2 |  705.0 |
       Dungeon |   1410 |   1392 |     18 |    121 |   1053 |   2 |  705.0 |
               +--------+--------+--------+--------+--------+-----+--------+

Top non-repeatable levels by time:
     D:1: 1038 daAuts
     D:2: 372 daAuts
